 Dungeon Crawl Stone Soup version 0.22.0 (webtiles) character file.

10227 BigChef the Spear-Bearer (level 11, -2/86 HPs)
             Began as a Demonspawn Chaos Knight on Aug 29, 2018.
             Slain by a six-headed hydra (5 damage)
             ... on level 11 of the Dungeon.
             The game lasted 00:45:42 (12747 turns).

BigChef the Spear-Bearer (Demonspawn Chaos Knight) Turns: 12747, Time: 00:45:43

Health: -2/86      AC: 10    Str: 12 (13) XL:     11   Next: 33%
Magic:  0/12       EV: 15    Int: 15 (16) God:    Xom [*.....]
Gold:   614        SH:  0    Dex: 15      Spells: 10/10 levels left

rFire    . . .     SeeInvis +   n - +3 halberd (protect)
rCold    . . .     Gourm    .   (shield currently unavailable)
rNeg     . . .     Faith    .   b - +2 leather armour
rPois    .         Spirit   +   (no helmet)
rElec    .         Reflect  .   o - +2 cloak
rCorr    .         Harm     .   (no gloves)
MR       .....                  D - -4 pair of boots of Vued {Int+4}
Stlth    +.........             A - amulet of guardian spirit
HPRegen  0.24/turn              G - ring of see invisible
MPRegen  0.13/turn              k - +4 ring of protection

@: confused, drained
A: icy blue scales 1, agile 1, blurry vision 2, deformed body, demonic guardian
1, deterioration 1, dopey 1, sense surroundings 1, powered by death 3, weak 1
a: Renounce Religion


You were on level 11 of the Dungeon.
You worshipped Xom.
You were a special plaything of Xom.
You were hungry.

You visited 1 branch of the dungeon, and saw 12 of its levels.

You collected 614 gold pieces.

Inventory:

Hand Weapons
 a - a +0 spear of chaos
 n - a +3 halberd of protection (weapon)
 s - a +4 scimitar
 x - a +0 dagger
Missiles
 E - 5 needles of sleeping
Armour
 b - a +2 leather armour (worn)
 o - a +2 cloak (worn)
 D - the -4 pair of boots of Vued (worn) {Int+4}
   (You found it on level 7 of the Dungeon)

   It affects your intelligence (+4).
Jewellery
 d - an uncursed ring of resist corrosion
 e - an uncursed ring of protection from cold
 f - an uncursed ring of magical power
 k - a +4 ring of protection (right hand)
 l - an uncursed ring of poison resistance
 w - an uncursed ring of flight
 A - an amulet of guardian spirit (around neck)
 G - a ring of see invisible (left hand)
Wands
 j - a wand of polymorph (18)
 m - a wand of random effects (27)
 q - a wand of acid (4)
 r - a wand of digging (17)
 B - a wand of disintegration (29)
 C - a wand of flame (16)
Scrolls
 g - 5 scrolls of amnesia
 t - 2 scrolls of enchant armour
 v - 5 scrolls of teleportation
 y - a scroll of identify
 F - 3 scrolls of remove curse
 H - 2 scrolls of fog
 J - a scroll of random uselessness {unknown}
 K - a scroll of acquirement {unknown}
Potions
 h - a potion of ambrosia
 p - a potion of brilliance
 u - a potion of agility
 z - a potion of curing
 I - 2 potions of lignification {unknown}
 L - a potion of resistance
 M - a potion of might {unknown}
Comestibles
 c - 17 rations


   Skills:
 + Level 8.3(7.8) Fighting
 + Level 11.7(11.2) Polearms
 + Level 4.7(4.3) Armour
 + Level 6.6(6.2) Dodging
 + Level 4.6(4.2) Stealth
 + Level 1.7(1.3) Evocations


You had 10 spell levels left.
You didn't know any spells.
Your spell library was empty.

Dungeon Overview and Level Annotations

Branches:
Dungeon (12/15)            Temple (0/1) D:5            Lair (0/6) D:11
    Orc: D:9-12

Altars:
Nemelex Xobeh
Sif Muna
Uskayaw
Vehumet
The Shining One

Shops:
D:6 (   D:7 [   D:8 (}:   D:10 :

Annotations:
D:11 exclusion: 3 oklob plants


Innate Abilities, Weirdness & Mutations

You are partially covered in icy blue scales. (AC +2)
A weak demonic guardian rushes to your aid.
You regenerate a lot of health from kills.
You are agile. (Dex +2)
Scrolls take you longer to read.
Armour fits poorly on your strangely shaped body.
Your body sometimes deteriorates upon taking damage.
You are dopey. (Int -2)
You passively map a small area around you.
You are weak. (Str -2)


Message History

You feel better.
You feel less invigorated.
The six-headed hydra completely misses you.
The six-headed hydra barely misses you. x2
The six-headed hydra bites you but does no damage.
The six-headed hydra bites you!
* * * LOW HITPOINT WARNING * * *
The six-headed hydra bites you.
* * * LOW HITPOINT WARNING * * *
You are confused.
You feel invigorated.
The six-headed hydra bites you but does no damage.
The six-headed hydra bites you!
* * * LOW HITPOINT WARNING * * *
The six-headed hydra closely misses you.
The six-headed hydra bites you!
* * * LOW HITPOINT WARNING * * *
The six-headed hydra closely misses you.
The six-headed hydra bites you!
You die...
Xom guffaws!

########
####.D....###########
#..#@.....#...'.>...#
#..#......#...#.....'
#..#......#..##.....#
#..#......#..##.....#
##..#......#..........
#...#......#..........
#...'......'..........
##
######......#>.######.#
.#
##......######..##..##.#


You could see a six-headed hydra.

Vanquished Creatures
  2 two-headed ogres
  An unseen horror (D:11)
  A manticore (D:11)
  A guardian serpent (D:11)
  A troll (D:11)
  A hippogriff (D:7)
  A spriggan (D:9)
  8 yaks (D:10)
  A hungry ghost (D:10)
  A spatial vortex (D:5)
  Edmund (D:5)
  A soldier ant (D:10)
  An ice beast (D:8)
  A black bear (D:11)
  5 orc warriors
  A slave (D:4)
  3 sky beasts
  An eye of draining (D:10)
  6 ogres
  A boggart (D:10)
  5 centaurs
  4 big kobolds
  A gnoll sergeant (D:9)
  Blork the orc (D:5)
  4 bullfrogs
  A wyvern skeleton (D:8)
  4 scorpions
  2 killer bees (D:7)
  2 howler monkeys
  9 wights
  A centaur zombie (D:7)
  6 crimson imps
  3 hounds
  A quasit (D:11)
  4 orc priests
  Crazy Yiuf (D:3)
  3 jellies
  A bullfrog skeleton (D:10)
  Natasha (twice) (D:3)
  7 iguanas
  4 orc wizards
  5 worker ants
  A hound skeleton (D:6)
  15 gnolls
  14 adders
  5 shadow imps
  2 oozes
  3 adder skeletons
  A worm (D:3)
  3 dart slugs (D:1)
  8 leopard geckos
  14 orcs
  2 ball pythons
  12 bats
  4 giant cockroaches
  14 goblins
  10 hobgoblins
  4 jackals
  A quokka (D:7)
  5 frilled lizards
  A jackal skeleton (D:4)
  39 kobolds
  5 rats
273 creatures vanquished.

Vanquished Creatures (collateral kills)
  Pikel (D:4)
  The ghost of BigChef the Slasher, a novice DsCK of Xom (D:5)
  Grinder (D:4)
  2 sky beasts
  A killer bee (D:7)
  A howler monkey (D:4)
  3 orcs
  A goblin (D:3)
  A frilled lizard (D:4)
  2 kobolds (D:10)
14 creatures vanquished.

Vanquished Creatures (others)
  A slave (D:4)
  2 gnolls (D:4)
  An orc (D:4)
  A quokka (D:4)
  A plant (D:8)
6 creatures vanquished.

Grand Total: 293 creatures vanquished

Notes
Turn   | Place    | Note
-------+----------+-------------------------------------------
     0 | D:1      | BigChef the Demonspawn Chaos Knight began the quest for the Orb.
     0 | D:1      | Reached XP level 1. HP: 18/18 MP: 1/1
     7 | D:1      | XOM: divination: detect creatures
    82 | D:1      | Reached skill level 3 in Polearms
    82 | D:1      | Gained mutation: A weak demonic guardian rushes to your aid. [demonic ancestry]
    82 | D:1      | Reached XP level 2. HP: 23/24 MP: 2/2
   143 | D:1      | Found a sparkling altar of Nemelex Xobeh.
   358 | D:1      | XOM: harmless Chrm miscast
   604 | D:1      | Reached skill level 1 in Dodging
   604 | D:1      | Reached XP level 3. HP: 29/29 MP: 3/3
   783 | D:2      | Gained mutation: You regenerate a little health from kills. [demonic ancestry]
   783 | D:2      | Reached XP level 4. HP: 9/37 MP: 4/4
  1009 | D:2      | XOM: give mutations
  1009 | D:2      | Gained mutation: Your spells are a little harder to cast, but a little more powerful. [Xom's mischief]
  1009 | D:2      | Gained mutation: Scrolls take you a little longer to read. [Xom's mischief]
  1009 | D:2      | Lost mutation: Scrolls take you a little longer to read. [Xom's mischief]
  1009 | D:2      | Gained mutation: You occasionally shout uncontrollably at your foes. [Xom's mischief]
  1019 | D:2      | XOM: give mutation
  1019 | D:2      | Gained mutation: You are agile. (Dex +2) [Xom's grace]
  1250 | D:2      | XOM: smoke on damage
  1407 | D:2      | XOM: give mutation
  1407 | D:2      | Lost mutation: Your spells are a little harder to cast, but a little more powerful. [Xom's mischief]
  1775 | D:3      | Noticed Robin
  1799 | D:3      | Noticed Robin
  1799 | D:3      | Robin changed into Robin the iguana
  1799 | D:3      | XOM: polymorph Robin -> Robin the iguana
  1819 | D:3      | Killed Robin the iguana
  1819 | D:3      | Reached skill level 4 in Polearms
  1987 | D:3      | Reached XP level 5. HP: 42/42 MP: 5/5
  2014 | D:3      | XOM: 2-stop teleportation journey
  2015 | D:3      | Noticed Natasha
  2139 | D:3      | Killed Natasha
  2193 | D:3      | Noticed a dagger
  2193 | D:3      | Noticed a dagger
  2196 | D:3      | Found a hide-covered altar of Uskayaw.
  2429 | D:3      | XOM: harmless Necr miscast
  2470 | D:3      | Found a runed door.
  2529 | D:3      | Noticed Natasha
  2533 | D:3      | Killed Natasha
  2698 | D:3      | Noticed Crazy Yiuf
  2706 | D:3      | Killed Crazy Yiuf
  2981 | D:4      | Reached XP level 6. HP: 48/48 MP: 6/6
  3014 | D:4      | Noticed a slave
  3014 | D:4      | Noticed a slave
  3014 | D:4      | Noticed a slave
  3022 | D:4      | Noticed Pikel
  3026 | D:4      | Killed a slave
  3029 | D:4      | Noticed a slave
  3036 | D:4      | XOM: swap monsters
  3052 | D:4      | XOM: noise
  3057 | D:4      | XOM: blink monster(s)
  3079 | D:4      | XOM: noise
  3080 | D:4      | Killed Pikel
  3080 | D:4      | Reached skill level 5 in Polearms
  3080 | D:4      | Reached skill level 1 in Stealth
  3080 | D:4      | Gained mutation: You regenerate health from kills. [demonic ancestry]
  3080 | D:4      | Reached XP level 7. HP: 32/55 MP: 7/7
  3137 | D:4      | Noticed Grinder
  3177 | D:4      | Killed Grinder
  3177 | D:4      | Reached skill level 5 in Fighting
  3184 | D:4      | Reached skill level 6 in Polearms
  3466 | D:4      | XOM: divination: detect items
  3537 | D:5      | Entered Level 5 of the Dungeon
  3553 | D:5      | Found a staircase to the Ecumenical Temple.
  3599 | D:5      | Noticed Blork the orc
  3605 | D:5      | Killed Blork the orc
  3605 | D:5      | Gained mutation: You regenerate a lot of health from kills. [demonic ancestry]
  3605 | D:5      | Reached XP level 8. HP: 62/62 MP: 8/8
  3607 | D:5      | XOM: mild Summ miscast
  3614 | D:5      | XOM: enchant monster (good)
  3993 | D:5      | Found a runed door.
  4021 | D:5      | Found a glowing golden altar of the Shining One.
  4060 | D:5      | XOM: polymorph ufetubus -> iron imp
  4110 | D:5      | Noticed Edmund
  4111 | D:5      | XOM: confuse monster(s)
  4113 | D:5      | XOM: confuse monster(s)
  4123 | D:5      | Killed Edmund
  4123 | D:5      | Reached skill level 7 in Polearms
  4150 | D:5      | Found a deep blue altar of Sif Muna.
  4470 | D:5      | Noticed BigChef's ghost (novice DsCK)
  4477 | D:5      | XOM: summons friendly white imp
  4480 | D:5      | XOM: confuse monster(s)
  4494 | D:5      | Killed BigChef's ghost
  4648 | D:6      | Found Nuixke Jaug's Antique Weapon Shoppe.
  4728 | D:6      | Reached skill level 8 in Polearms
  4743 | D:6      | Reached XP level 9. HP: 69/69 MP: 9/9
  5061 | D:6      | XOM: divination: detect items
  5139 | D:6      | XOM: polymorph shadow imp -> crimson imp
  5362 | D:6      | XOM: summons friendly ufetubus
  5468 | D:6      | XOM: silly message
  5590 | D:6      | XOM: cloud trail
  5666 | D:7      | XOM: god gift: dagger {god gift}
  5769 | D:7      | XOM: 3-stop teleportation journey
  5806 | D:7      | XOM: 2-stop teleportation journey
  5815 | D:7      | XOM: mild Pois miscast
  5901 | D:7      | Reached skill level 9 in Polearms
  5934 | D:7      | Found Fuschopa's Antique Armour Emporium.
  6153 | D:7      | Got a pair of ancient boots
  6159 | D:7      | Identified the cursed -4 pair of boots of Vued {Int+4} (You found it on level 7 of the Dungeon)
  6218 | D:7      | Found a radiant altar of Vehumet.
  6346 | D:8      | XOM: stealth player
  6426 | D:8      | XOM: give mutations
  6426 | D:8      | Gained mutation: You tend to lose your temper in combat. [Xom's mischief]
  6426 | D:8      | Gained mutation: You passively map a small area around you. [Xom's mischief]
  6426 | D:8      | Gained mutation: You are weak. (Str -2) [Xom's mischief]
  6426 | D:8      | Gained mutation: Armour fits poorly on your strangely shaped body. [Xom's mischief]
  6453 | D:8      | XOM: mild Chrm miscast
  6532 | D:8      | XOM is BORED!
  6532 | D:8      | XOM: harmless Tloc miscast
  6588 | D:8      | XOM: fake destruction
  6614 | D:8      | Found Teec's Gadget Boutique.
  6625 | D:8      | XOM: god gift: 5 needles of sleeping
  6683 | D:8      | XOM: fog
  6690 | D:8      | Reached skill level 5 in Dodging
  6861 | D:8      | Found Tuymypsa's Weapon Shop.
  7092 | D:8      | Found Haenkek's Book Shoppe.
  7174 | D:8      | XOM is BORED!
  7216 | D:8      | XOM: medium Fire miscast
  7575 | D:9      | XOM: enchant monster (bad)
  7768 | D:9      | Reached XP level 10. HP: 74/77 MP: 10/10
  8028 | D:9      | XOM: give mutations
  8028 | D:9      | Lost mutation: You tend to lose your temper in combat. [Xom's mischief]
  8028 | D:9      | Gained mutation: Scrolls take you a little longer to read. [Xom's mischief]
  8161 | D:9      | XOM: give mutations
  8161 | D:9      | Gained mutation: Scrolls take you longer to read. [Xom's mischief]
  8161 | D:9      | Lost mutation: You occasionally shout uncontrollably at your foes. [Xom's mischief]
  8248 | D:9      | Reached skill level 10 in Polearms
  8258 | D:9      | XOM: stat loss: -1 Str (12/13)
  8298 | D:9      | XOM: summons 5 hostile demons
  8840 | D:10     | Entered Level 10 of the Dungeon
  8863 | D:10     | XOM: mild Fire miscast
  8921 | D:10     | Found Xemeidumn's Book Shop.
  9085 | D:10     | Noticed a two-headed ogre
  9094 | D:10     | Killed a two-headed ogre
  9183 | D:10     | XOM: smoke on damage
  9197 | D:10     | XOM: give mutations
  9197 | D:10     | Gained mutation: Your body sometimes deteriorates upon taking damage. [Xom's mischief]
  9197 | D:10     | Gained mutation: You are dopey. (Int -2) [Xom's mischief]
  9293 | D:10     | XOM: polymorph howler monkey -> boggart
  9313 | D:10     | XOM: 2-stop teleportation journey
 10125 | D:10     | XOM: cleaving
 10140 | D:11     | Noticed a manticore
 10157 | D:11     | XOM: enchant monster (bad)
 10161 | D:11     | Killed a manticore
 10466 | D:11     | Reached skill level 11 in Polearms
 10499 | D:11     | Found a staircase to the Lair.
 10508 | D:11     | Reached skill level 1 in Evocations
 10521 | D:11     | Noticed an oklob plant
 10587 | D:11     | XOM: mild Conj miscast
 10593 | D:11     | Noticed an oklob plant
 10593 | D:11     | Noticed an oklob plant
 10616 | D:11     | Noticed an eight-headed hydra
 10618 | D:11     | XOM: polymorph ufetubus -> quasit
 10648 | D:10     | XOM: harmless Summ miscast
 10652 | D:10     | XOM: blink monster(s)
 10677 | D:10     | XOM: summons 4 hostile demons
 10684 | D:10     | XOM: cast spell 'Summon Small Mammal'
 10743 | D:10     | XOM: enchant monster (bad)
 10749 | D:10     | XOM: cast spell 'Metabolic Englaciation'
 10759 | D:10     | XOM: divination: detect creatures
 10935 | D:10     | XOM: smoke on damage
 10975 | D:10     | XOM: cleaving
 10984 | D:10     | XOM: divination: detect items
 11008 | D:10     | Gained mutation: You are partially covered in icy blue scales. (AC +2) [demonic ancestry]
 11008 | D:10     | Reached XP level 11. HP: 68/86 MP: 9/11
 11117 | D:10     | XOM: god gift: wand of digging (11)
 11671 | D:11     | XOM: polymorph crimson imp -> quasit
 11778 | D:11     | XOM: summons 5 hostile demons
 11869 | D:11     | Noticed an unseen horror
 11869 | D:11     | XOM: polymorph shadow imp -> iron imp
 11878 | D:11     | XOM: mild Ice miscast
 11882 | D:11     | XOM: confusion
 11892 | D:11     | Killed an unseen horror
 11963 | D:11     | XOM: polymorph quasit -> white imp
 12015 | D:11     | Noticed a two-headed ogre
 12025 | D:11     | XOM: swap monsters
 12032 | D:11     | Killed a two-headed ogre
 12167 | D:11     | XOM: chaos upgrade
 12268 | D:10     | XOM: harmless Chrm miscast
 12575 | D:11     | XOM: mild Erth miscast
 12598 | D:11     | XOM: medium Conj miscast
 12733 | D:12     | Noticed a six-headed hydra
 12742 | D:11     | XOM: repel stairs
 12747 | D:11     | HP: 3/86 [six-headed hydra (6)]
 12747 | D:11     | Slain by a six-headed hydra

Skill      XL: |  1  2  3  4  5  6  7  8  9 10 11 |
---------------+----------------------------------+-----
Polearms       | 3 4 5 6 8 9 11 | 11.7
Dodging        | 1 2 3 4 5 6 |  6.6
Armour         | 2 3 4 |  4.7
Fighting       | 4 5 6 7 8 |  8.3
Stealth        | 1 2 3 4 |  4.6
Evocations     | 1 |  1.7

Action                   |  1- 3 |  4- 6 |  7- 9 | 10-12 || total
-------------------------+-------+-------+-------+-------++-------
Melee: Spear             |   108 |   207 |    47 |       ||   362
       Halberd           |       |       |   425 |   457 ||   882
Evoke: Wand              |       |       |       |    28 ||    28
  Use: Scroll            |       |     6 |    10 |     9 ||    25
       Potion            |       |     3 |     1 |    11 ||    15
 Stab: Sleeping          |     2 |       |     9 |     3 ||    14
       Confused          |       |     1 |     2 |       ||     3
       Distracted        |       |       |       |     4 ||     4
  Eat: Chunk             |       |     6 |    10 |     3 ||    19
       Ration            |       |       |     2 |     5 ||     7
Armor: Leather armour    |    36 |    69 |   148 |   200 ||   453
Dodge: Dodged            |    65 |    96 |   259 |   348 ||   768
